Cogmind - Beta 9.6 @@@ ROGUE MODE // 2020.06.11 @ 09:15:46 // AFD2019/Pay2Buy Player: Rod99 Result: Destroyed by G-34 Mercenary with Small Laser Performance ------------- Evolutions (1) 500 Regions Visited (2) 400 Robots Destroyed (8) 40 Value Destroyed (110) 110 Prototype IDs (0) 0 Alien Tech Used (0) 0 Bonus (0) 0 TOTAL SCORE: 1050 Bonus ------- None Cogmind --------- Core Integrity 0/400 Matter 283/300 Energy 100/100 System Corruption 0% Temperature Cool (18) Movement Core (50) Location -9/Materials Parts ------- > --- POWER (1) -------- (None) > --- PROPULSION (4) --- (None) > --- UTILITY (2) ------ (None) > --- WEAPON (2) ------- (None) > --- INVENTORY (10) --- (None) Peak State ------------ > --- POWER ------------ Light Ion Engine > --- PROPULSION ------- VTOL Module VTOL Module > --- UTILITY ---------- Core Shielding > --- WEAPON ----------- Heavy Hammer Heavy Hammer > --- INVENTORY -------- (None) [Rating: 10] Favorites ----------- Power Light Ion Engine Engine Light Ion Engine Propulsion VTOL Module Flight Unit VTOL Module Utility Core Shielding Protection Core Shielding Weapon Heavy Hammer Impact Weapon Heavy Hammer Special Melee Weapon Datajack Build | -11 -10 -9 ------- Run | Scr Mat Mat Slots Evolved 2 | . . 2 Power . | . . . Propulsion 2 | . . 2 Utility . | . . . Weapon . | . . . Parts Attached . | . . . Power . | . . . Engine . | . . . Core . | . . . Reactor . | . . . Propulsion . | . . . Treads . | . . . Leg . | . . . Wheel . | . . . Hover . | . . . Flight . | . . . Utility . | . . . Device . | . . . Storage . | . . . Processor . | . . . Hackware . | . . . Protection . | . . . Artifact . | . . . Weapon . | . . . Energy Gun . | . . . Energy Cannon . | . . . Ballistic Gun . | . . . Ballistic Cannon . | . . . Launcher . | . . . Special Weapon . | . . . Impact Weapon . | . . . Slashing Weapon . | . . . Piercing Weapon . | . . . Special Melee Weapon . | . . . Unidentified Prototypes . | . . . Parts Lost 7 | . 1 6 Power 1 | . . 1 Propulsion 2 | . 1 1 Utility 1 | . . 1 Weapon 3 | . . 3 Highest Loss Streak 6 | . 1 6 Average Slot Usage (%) 59 | . 83 44 Engine 9 | . 14 7 Flight 15 | . 26 7 Protection 11 | . 14 9 Impact Weapon 22 | . 28 19 Naked Turns 1 | . . 1 Heaviest Build 10 | 10 10 10 Greatest Support 10 | 10 10 5 Greatest Overweight (x) 2 | . 1 2 Average Overweight (x) . | . . 1 Largest Inventory Capacity 10 | 10 10 10 Average Capacity 10 | 10 10 10 Most Carried . | . . . Average Carried . | . . . Final Capacity 10 | 10 10 10 Final Carried . | . . . Class Distribution -------------------- 100% | Mutant Dominant Class ---------------- Mutant | -10/Materials Mutant | -9/Materials Resources | -11 -10 -9 ----------- Run | Scr Mat Mat Matter Collected 114 | . 100 14 Remotely . | . . . Salvage Created 192 | . 159 33 Parts . | . . . Haulers Intercepted . | . . . Recyclers Shooed . | . . . Parts Field Recycled . | . . . Retrieved Matter . | . . . Parts Self-Destructed . | . . . Prevented . | . . . Kills | -11 -10 -9 ------- Run | Scr Mat Mat Combat Hostiles Destroyed 4 | . 2 2 Melee 2 | . 1 1 Classes Destroyed 5 | . 4 1 Worker 2 | . 2 . Tunneler 1 | . 1 . Mechanic 1 | . 1 . Swarmer 2 | . . 2 Grunt 2 | . 2 . Best Kill Streak 4 | . 4 2 Combat Bots Only 2 | . 1 2 Max Kills in Single Turn 1 | . 1 1 Gunslinging . | . . . Exploded . | . . . Melee 1 | . 1 1 Uniques/NPCs Destroyed . | . . . Combat | -11 -10 -9 -------- Run | Scr Mat Mat Damage Taken 736 | . 87 649 Core 434 | . 26 408 Absorbed by Shields . | . . . Core Remaining (%) 94 | 100 89 . Volleys Fired . | . . . Largest . | . . . Hottest . | . . . Shots Fired . | . . . Gun . | . . . Cannon . | . . . Launcher . | . . . Special . | . . . Kinetic . | . . . Thermal . | . . . Explosive . | . . . Electromagnetic . | . . . Robot Hit Streak . | . . . Robot Miss Streak . | . . . Penetration Max . | . . . Secondary Targets . | . . . Shots Hit Robots 18 | . 9 9 Core Hits 5 | . 2 3 Critical Hits . | . . . Critical Kills . | . . . Critical Parts Destroyed . | . . . Melee Attacks 31 | . 16 15 Impact 27 | . 16 11 Slashing . | . . . Piercing . | . . . Sneak Attacks 4 | . 4 . Combat Hostiles . | . . . Follow-up Attacks 4 | . 3 1 Damage Inflicted 642 | . 445 197 Guns . | . . . Cannons . | . . . Explosions . | . . . Melee 612 | . 445 167 Ramming 30 | . . 30 Kinetic . | . . . Thermal . | . . . Explosive . | . . . Electromagnetic . | . . . Impact 612 | . 445 167 Slashing . | . . . Piercing . | . . . Highest Corruption . | . . . Average Corruption . | . . . Corruption Purged . | . . . Overload Shots . | . . . Overflow Damage 165 | . 151 14 Projectiles . | . . . Explosions . | . . . Melee 165 | . 151 14 Knockbacks 3 | . 3 . Impact 3 | . 3 . Kinetic . | . . . Secondary . | . . . Self-Inflicted Damage 12 | . . 12 Shots . | . . . Rammed 11 | . . 11 Targets Rammed 11 | . . 11 Kicked . | . . . Crushed . | . . . Highest Temperature . | . . . Average Temperature . | . . . Received Heat Transfer 240 | . 48 192 Siege Activations . | . . . Robots Corrupted . | . . . Combat Hostiles . | . . . Parts Fried . | . . . Impact Corruptions 7 | . 6 1 Robots Melted . | . . . Combat Hostiles . | . . . Parts Melted . | . . . Heat Transferred . | . . . Parts Sabotaged . | . . . Parts Stolen . | . . . Parts Stripped . | . . . Power Chain Reactions . | . . . Missiles Intercepted . | . . . Alert | -11 -10 -9 ------- Run | Scr Mat Mat Peak Influence 105 | . 105 104 Average Influence 52 | . 38 65 Maximum Alert Level . | . . . Low Security (%) 100 | 100 100 100 Level 1 . | . . . Level 2 . | . . . Level 3 . | . . . Level 4 . | . . . Level 5 . | . . . High Security . | . . . Max Security . | . . . Squads Dispatched 7 | . 4 3 Investigation 1 | . 1 . Extermination . | . . . Reinforcement 6 | . 3 3 Assault . | . . . Garrison . | . . . Intercept . | . . . Construction Impeded 1 | . . 1 Haulers Reinforced . | . . . Stealth | -11 -10 -9 --------- Run | Scr Mat Mat Distress Signals 2 | . 1 1 Communications Jammed . | . . . Distress Signals . | . . . Times Spotted 23 | . 6 17 Peak Tracking Total 13 | . 5 13 Tactical Retreats . | . . . Traps | -11 -10 -9 ------- Run | Scr Mat Mat Traps Triggered . | . . . Indirectly . | . . . Trap Hack Attempts . | . . . Triggered . | . . . Disarmed . | . . . Reprogrammed . | . . . Reused . | . . . Traps Extracted . | . . . Installed . | . . . Triggered 1 | . 1 . Machines | -11 -10 -9 ---------- Run | Scr Mat Mat Machines Disabled . | . . . Max in Single Turn . | . . . Machines Sabotaged . | . . . Garrisons Compromised . | . . . Overloaded Fab Kills . | . . . Fab Network Shutdowns . | . . . Hacking | -11 -10 -9 --------- Run | Scr Mat Mat Machines Accessed 1 | . 1 . Terminals 1 | . 1 . Fabricators . | . . . Repair Stations . | . . . Recycling Units . | . . . Scanalyzers . | . . . Garrison Access . | . . . Total Hacks 4 | . 4 . Successful 3 | . 3 . Failed 1 | . 1 . Catastrophic . | . . . Database Lockouts . | . . . Manual . | . . . Terminals 4 | . 4 . Fabricators . | . . . Repair Stations . | . . . Recycling Units . | . . . Scanalyzers . | . . . Garrison Access . | . . . Terminal Hacks 3 | . 3 . Record 1 | . 1 . Unreport Threat 1 | . 1 . Locate Traps 1 | . 1 . Fabricator Hacks . | . . . Repair Station Hacks . | . . . Recycling Unit Hacks . | . . . Scanalyzer . | . . . Garrison Access Hacks . | . . . Unauthorized Hacks . | . . . Terminals . | . . . Fabricators . | . . . Repair Stations . | . . . Recycling Units . | . . . Scanalyzers . | . . . Garrison Access . | . . . Data Cores Recovered . | . . . Used . | . . . Hacking Detections . | . . . Full Trace Events . | . . . Feedback Events . | . . . Feedback Blocked . | . . . Robot Schematics Acquired . | . . . Robots Built . | . . . Matter . | . . . Time . | . . . Total Robot Build Rating . | . . . Part Schematics Acquired . | . . . Parts Built . | . . . Matter . | . . . Time . | . . . Total Part Build Rating . | . . . Parts Repaired . | . . . Time . | . . . Parts Recycled . | . . . Recycled Matter . | . . . Retrieved Matter . | . . . Retrieved Components . | . . . Parts Scanalyzed . | . . . Part Schematics Acquired . | . . . Parts Damaged . | . . . Bothacking | -11 -10 -9 ------------ Run | Scr Mat Mat Used RIF Installer . | . . . Robots Hacked 1 | . . 1 Non-combat . | . . . Combat 1 | . . 1 Robot Hacks Applied 1 | . . 1 parse_system 1 | . . 1 Relay Couplers Released . | . . . Robots Rewired . | . . . Allies Hacked . | . . . Hacks Repelled . | . . . Allies | -11 -10 -9 -------- Run | Scr Mat Mat Total Allies . | . . . Largest Group . | . . . Highest-Rated Group . | . . . Highest-Rated Ally . | . . . Total Orders . | . . . Ally Attacks . | . . . Total Damage . | . . . Kills . | . . . Allies Corrupted . | . . . Allies Melted . | . . . Intel | -11 -10 -9 ------- Run | Scr Mat Mat Robot Analysis Total . | . . . Derelict Logs Recovered . | . . . Drone Launches . | . . . Drone Recoveries . | . . . Exploration | -11 -10 -9 ------------- Run | Scr Mat Mat Turns Passed 241 | 9 99 133 Spaces Moved 225 | 18 140 67 Core 16 | 14 . 2 Treads . | . . . Legs . | . . . Wheels . | . . . Hover . | . . . Flight 209 | 4 140 65 Fastest Speed 37 | 37 37 50 Average Speed 63 | 47 39 119 Slowest Speed 150 | 50 120 150 Overloaded Moves . | . . . Propulsion Burnouts . | . . . Robots Hopped . | . . . Cave-ins Triggered . | . . . Exploration Rate (%) 18 | 3 35 16 Regions Visited 2 Branch Regions . Pre-discovered Areas . | . . . Known Exits Taken . | . . . Unknown Exits Taken 2 | 1 1 . Scrap Searched . | . . . Spaces Dug . | . . . Terrain Destroyed . | . . . Melee . | . . . Projectile . | . . . AOE . | . . . Actions | -11 -10 -9 --------- Run | Scr Mat Mat Total 269 | 17 159 93 Wait 7 | . 6 1 Move 223 | 17 139 67 Hop . | . . . Pick Up . | . . . Fast Attach . | . . . Attach . | . . . Detach . | . . . Swap . | . . . Drop 2 | . 2 . Fire . | . . . Melee 26 | . 12 14 Ram 11 | . . 11 Kick . | . . . Crush . | . . . Escape Stasis . | . . . Rewire . | . . . Trap . | . . . Miscellaneous . | . . . Route ------- -11/Scrapyard -10/Materials (discovered 2 exits: [*Mat x2]) -9/Materials History --------- Turn | Location | Event 3 | -11/Scrapyard | Discovered new exit (range 15) 10 | -11/Scrapyard | Entered Materials 59 | -10/Materials | Discovered new exit (range 11) 76 | -10/Materials | Discovered new exit (range 15) 109 | -10/Materials | Entered another Materials area 109 | -9/Materials | Evolved 2 slots: Propulsion x2 222 | -9/Materials | Core integrity fell below 50% 239 | -9/Materials | Core integrity fell below 20% 242 | -9/Materials | Destroyed by G-34 Mercenary with Small Laser Last Messages --------------- 00225_ K-01 Serf cleans the Matter Filter. 00225_ Core Shielding destroyed. 00227_ K-01 Serf collects debris. 00232_ Hvy. Hammer destroyed. 00232_ K-01 Serf cleans the Matter Filter. [Purchased: Datajack] 00233_ K-01 Serf cleans the Matter Filter. 00234_ Jacked G-34 Mercenary... >>parse_system Reading system data... 00235_ K-01 Serf cleans the Matter Filter. 00236_ Jacked G-34 Mercenary... 00236_ Command string: die 00236_ No effect. 00238_ K-01 Serf cleans the Matter Filter. 00238_ Acquired 14 matter. 00239_ K-01 Serf cleans the Matter Filter. 00241_ Slammed into G-34 Mercenary. 00241_ K-01 Serf cleans the Matter Filter. 00241_ Datajack destroyed. Map ----- +----------------------------------------------------+ | ?????????????????????????????????????? | | ?????????????????????????????????????? | | ?????????????????????????????????????? | | ?????????????????????????????????????? | | ?????????????????????????????????????? | | ?????????????????????????????????????? | | ?????????????????????????????????????? | | ?????????????????????????????????????? | | ?????????????????????????????????????? | | ?????????????????????????????????????? | | ???????????? ??????????????????????? | | ???????????? #?????????????????????? | | ???????????? #?????????????????????? | | ???????????# #?????????????????????? | | ???????????# #?????????????????????? | | ???????????# #?????????????????????? | | ???????????# #?????????????????????? | | ???????????+ +?????????????????????? | | ???????????# #?????????????????????? | | ??????????## ##???#????????????????? | | ??????????# ### ### ####?????????? | | ??????????# T" ????????? | | ??????????#gg" ????????? | | ??????????# g ????????? | | ??????????# ggs ######???????????????? | | ???##########@#####??????????????????? | | ???# + kkgsk #??????????????????? | | ???# #### """"""" #??????????????????? | | ???# #??#k""""""" #??????????????????? | | ???# #??#k""""""" #??????????????????? | | ???# #??# """"""" #??????????????????? | | ???# #### """"""" #??????????????????? | | ???# + #??????????????????? | | ???# #### #??????????????????? | | ???# #??###########??????????????????? | | ???# ##########??????????????????????? | | ???# # #??????????????????????? | | ???# # #??????????????????????? | | ???# + #??????????????????????? | | ???# # #??????????????????????? | | ???# # #??????????????????????? | | ???# # #??????????????????????? | | ???# # #??????????????????????? | | ???# # #??????????????????????? | | ???# # ####+###??????? ???????? | | ???# #/######+## #?????"""???????? | | ???# #### "Y" #?????? | | ???# / #?????? | | ???# # #?????? | | ???# #????????????? | +----------------------------------------------------+ Best States ------------- Heat Dissipation 28 Energy Generation 10 Energy Capacity 125 Matter Stores 275 Matter Capacity 300 Sight Range 16 Terrain Scan Density 10 Core Shielding 20 Evasion (%) 62 Item Schematics ----------------- None Robot Schematics ------------------ None Fabricated ------------ Nothing Alien Tech Used ----------------- None Achievements -------------- None Challenges ------------ None Cogshop Purchases (9) ----------------------- VTOL Module (1049) VTOL Module (1049) Hvy. Hammer (629) Hvy. Hammer (629) Lgt. Ion Engine (599) Core Shielding (599) Weapon Cycler (Loot Box) Particle Charger (Loot Box) Datajack (500) Game ------ Seed AssemblyIntegrityMace Manual? 0 Play Time 00:09:01 Cumulative 15.3 hours Start 2020.06.11 @ 09:08:03 End 2020.06.11 @ 09:15:46 Sessions 1 Manual Loads 0 Difficulty Rogue Special Mode AFD2019/Pay2Buy Game No. 19 Rogue 19 Adventurer 0 Explorer 0 Win Type - Total 0 Types 0/0/0/0/0/0/0 Lore% 18 Gallery% 18 Achievement% 15 Wizard Run 0 Options --------- ASCII 0 Keyboard 0 Movement Numpad Keybinds 0 Fullscreen 1 Font 12/Smallcaps Map View 83x54 Tactical HUD 1 Map Filters NONE Filters NONE Steam 1 RUN: 9d0775c2-2ee6-4a7c-844e-31eea6df783c